[Event "NJSK 2023 Jeugd C"]
[Site "Almelo, Netherlands"]
[Date "2023.05.01"]
[Round "2.11"]
[White "Ten Kate, Gustav"]
[Black "Verwer, Oscar"]
[Result "1-0"]
[TimeControl "90min/40moves + 30min + 30sec/move"]
[WhiteElo "1815"]
[BlackElo "1549"]

1. e4 c5 2. c4 Nc6 3. Nf3 e5 4. Nc3 d6 5. Be2 Be6 6. d3 Be7 7. O-O Qd7 8. a3 Nh6 9. Rb1 f5 10.
b4 b6 11. Nd5 f4 12. Qa4 O-O 13. Re1 Kh8 14. Bd1 Bf6 15. Qb5 Nd4 16. Nxd4 cxd4 17. Qxd7 Bxd7 18. b5 g5 19. a4 Bd8 20.
Ba3 Rg8 21. Bxd6 Nf7 22. Bb4 g4 23. Bb3 h5 24. c5 bxc5 25. Bxc5 Ng5 26. Bd6 Nf7 27. Bb4 Ng5 28. Rec1 g3 29.
Nc7 Rc8 30. Bxg8 Kxg8 31. Nd5 h4 32. Rxc8 Bxc8 33. Be7 gxh2+ 34. Kxh2 Nf7 35. Bxd8 Nxd8 36. Ne7+ 1-0

[Event "NJSK 2023 Jeugd C"]
[Site "Almelo, Netherlands"]
[Date "2023.05.01"]
[Round "2.12"]
[White "Chua, Ethan"]
[Black "Klein Tuente, Sam"]
[Result "1-0"]
[TimeControl "90min/40moves + 30min + 30sec/move"]
[WhiteElo "1776"]
[BlackElo "1478"]

1. e4 c5 2. Nf3 Nc6 3. d4 cxd4 4. Nxd4 Nf6 5. Nc3 e6 6. Be3 Bb4 7. Nxc6 bxc6 8. Bd3 d5 9. exd5 exd5 10.
a3 Ba5 11. Bc5 Bb6 12. Qe2+ Be6 13. Na4 Bxc5 14. Nxc5 Qe7 15. b4 Nd7 16. Nb3 O-O 17. O-O Rfe8 18. Rae1 c5 19. bxc5 Nxc5 20. Bb5 Rec8 21. Nxc5 Qxc5 22. Bd3 Qxa3 23.
f4 Qc5+ 24. Kh1 Re8 25. f5 Bd7 26. Qg4 Rxe1 27. Rxe1 Re8 28. Rxe8+ Bxe8 29. f6 g6 30. Qg5 Qb6 31. h4 Qb1+ 32.
Kh2 Qb8+ 33. g3 Qd6 34. h5 h6 35. Qe3 Qe6 36. Qxe6 fxe6 37. hxg6 Kf8 38. Kh3 e5 39. Bf5 e4 40.
g7+ Kg8 41. c4 dxc4 42. Bxe4 a5 43. Kg4 c3 44. Kf5 a4 45. Ke6 Bf7+ 46. Ke7 Bb3 47. Bh7+ Kxh7 48. f7 Kxg7 49. f8=Q Kg6 50. Qf6+ Kh5 51. Qxc3 Kg4 52.
Kf6 h5 53. Qe3 Kh3 54. Kg5 Bd1 55. Kf4 Bb3 56. g4+ Kh2 57. Qf2+ Kh1 58. Kg3 h4+ 59. Kh3 Bc4 60. Qh2# 1-0

[Event "NJSK 2023 Jeugd C"]
[Site "Almelo, Netherlands"]
[Date "2023.05.01"]
[Round "2.13"]
[White "Frederiks, Jesse"]
[Black "Roorda, Cas"]
[Result "1-0"]
[TimeControl "90min/40moves + 30min + 30sec/move"]
[WhiteElo "1510"]
[BlackElo "1769"]

1. d4 d5 2. c4 c6 3. Nc3 Nf6 4.
Nf3 dxc4 5. e4 b5 6. Qc2 Bb7 7. Bg5 Nbd7 8. e5 Nd5 9. Nxd5 cxd5 10. Be2 Qa5+ 11. Bd2 Qb6 12. O-O e6 13.
b3 Be7 14. a4 a6 15. axb5 axb5 16. Rxa8+ Bxa8 17. Ra1 O-O 18. Ba5 Qc6 19. b4 f6 20. Qc3 fxe5 21. dxe5 Rc8 22. Nd4 Qb7 23.
Bg4 Re8 24. Bxe6+ Kh8 25. Bf7 Rc8 26. Re1 Qb8 27. Be6 Qb7 28. Qh3 Nb6 29. Bxc8 Nxc8 30. f4 Nb6 31. Bxb6 Qxb6 32. Qc8+ Bd8 33. Kh1 Bb7 34. Qd7 Bc6 35.
Qxc6 Qxd4 36. Qe8# 1-0

[Event "NJSK 2023 Jeugd C"]
[Site "Almelo, Netherlands"]
[Date "2023.05.01"]
[Round "2.14"]
[White "Etienne, Ghilon"]
[Black "Zootjes, Aäron"]
[Result "1-0"]
[TimeControl "90min/40moves + 30min + 30sec/move"]
[WhiteElo "1673"]
[BlackElo "1172"]

1. e4 c5 2. Nf3 Nc6 3. d4 cxd4 4. Nxd4 e5 5. Nb3 Nf6 6. Bd3 d5 7. exd5 Nxd5 8. c3 Bd6 9. O-O O-O 10.
Bxh7+ Kxh7 11. Qxd5 Kg8 12. Rd1 Bc7 13. Qxd8 Rxd8 14. Rxd8+ Bxd8 15. Be3 Bf5 16. Na3 a6 17. Rd1 Bc7 18.
f3 Be6 19. Kf2 b6 20. Nc1 f6 21. b3 Kf7 22. Nc4 Bxc4 23. Rd7+ Ne7 24. Rxc7 Be6 25. Bxb6 Ke8 26. c4 Kf8 27.
Bc5 Re8 28. Nd3 a5 29. Bd6 1-0

[Event "NJSK 2023 Jeugd C"]
[Site "Almelo, Netherlands"]
[Date "2023.05.01"]
[Round "2.15"]
[White "Rooijakkers, Liam"]
[Black "Wortman, Rawi"]
[Result "0-1"]
[TimeControl "90min/40moves + 30min + 30sec/move"]
[WhiteElo "1322"]
[BlackElo "1668"]

1. e4 c5 2. Nc3 d6 3. f4 Nc6 4. Bc4 Nf6 5. Nf3 e6 6. Bb5 Bd7 7. Bxc6 Bxc6 8. d3 Be7 9. O-O O-O 10.
Qe1 Qc7 11. Qg3 b5 12. Be3 d5 13. exd5 Nxd5 14. Nxd5 Bxd5 15. Kh1 Bf6 16. c3 b4 17. c4 Bxf3 18. Qxf3 Bxb2 19. Rab1 Bc3 20.
Qh5 Rac8 21. Rf3 g6 22. Qh4 Qd8 23. Qxd8 Rfxd8 24. Bf2 Rd6 25. Rd1 Ra6 26. d4 cxd4 27. Bxd4 Rd8 28. Rfd3 Rad6 0-1

[Event "NJSK 2023 Jeugd C"]
[Site "Almelo, Netherlands"]
[Date "2023.05.02"]
[Round "3.1"]
[White "Madularea, David"]
[Black "Krylov, Philippe"]
[Result "1/2-1/2"]
[TimeControl "90min/40moves + 30min + 30sec/move"]
[WhiteElo "1895"]
[BlackElo "1858"]

1. e4 c6 2. d4 d5 3. e5 Bf5 4. h4 h5 5. Bd3 Bxd3 6. Qxd3 Qa5+ 7. Nd2 e6 8. Ngf3 Qa6 9. c4 Ne7 10.
O-O Nf5 11. b3 Be7 12. a4 Qa5 13. Ba3 Bxa3 14. Rxa3 Na6 15. b4 Nxb4 16. Qc3 c5 17. Nb3 Qc7 18. Nxc5 a5 19. Rc1 dxc4 20. Qxc4 O-O 21. Qb5 Rfc8 22. Nd3 Qe7 23. Rxc8+ Rxc8 24.
g3 Nd5 25. Rb3 b6 26. Qa6 Qd8 27. Rb1 Rc3 28. Rc1 Rxc1+ 29. Nxc1 g6 30. Nb3 Qc7 31. Nbd2 Qc6 32. Qc4 Qxc4 1/2-1/2

[Event "NJSK 2023 Jeugd C"]
[Site "Almelo, Netherlands"]
[Date "2023.05.02"]
[Round "3.2"]
[White "Wink, Luka"]
[Black "Kurt, Sascha"]
[Result "1/2-1/2"]
[TimeControl "90min/40moves + 30min + 30sec/move"]
[WhiteElo "1849"]
[BlackElo "1894"]

1. e4 c5 2. Nf3 e6 3. d4 cxd4 4. Nxd4 Nf6 5. Nc3 d6 6. g4 h6 7. h4 Nc6 8. g5 hxg5 9. Bxg5 Be7 10.
Nxc6 bxc6 11. Qf3 e5 12. Rg1 Be6 13. O-O-O Nh5 14. Qd3 Qc7 15. Be2 g6 16. Qa6 Qb6 17. Qa3 Rd8 18. b4 Nf4 19.
Ba6 Nh3 20. Be3 Qc7 21. Rh1 Nf4 22. Qa4 Kf8 23. b5 cxb5 24. Nxb5 Qc4 25. Qxc4 Bxc4 26. a4 Rxh4 27. Rxh4 Bxh4 28. Bb7 Bxb5 29. axb5 Ng2 30.
Kd2 Nxe3 31. Kxe3 Bg5+ 32. Ke2 Be7 33. Ra1 Rd7 34. Rxa7 Bd8 35. Ra8 Rxb7 36. Rxd8+ Ke7
1/2-1/2

[Event "NJSK 2023 Jeugd C"]
[Site "Almelo, Netherlands"]
[Date "2023.05.02"]
[Round "3.3"]
[White "Roolvink, William"]
[Black "Arnold, Rhys"]
[Result "0-1"]
[TimeControl "90min/40moves + 30min + 30sec/move"]
[WhiteElo "1852"]
[BlackElo "2003"]

1. e4 c5 2. Nc3 Nc6 3. Bb5 Nd4 4. Nf3 e6 5. O-O a6 6. Bd3 Nc6 7. Re1 g5 8. h3 h5 9. Nh2 Bd6 10.
Bf1 g4 11. g3 h4 12. Qxg4 hxg3 13. fxg3 Nf6 14. Qf3 Nd4 15. Qd3 Qc7 16. Re3 Rg8 17. Ne2 Be5 18. Nxd4 Bxd4 19. g4 d5 20.
e5 Qxe5 21. Nf3 Bxe3+ 22. dxe3 Qg3+ 23. Bg2 Bd7 24. b3 Bb5 25. c4 dxc4 26. bxc4 Rd8 27. Qc2 Bc6 28. Bb2 Bxf3 29. Bxf6 Bxg2 30. Qxg2 Qxe3+ 31. Qf2 Qxf2+ 32. Kxf2 Rd7 33. g5 Rd6 34. h4 Kd7 35.
Ke3 e5 36. Rf1 b5 37. h5 bxc4 38. h6 Rxf6 39. Rxf6 Rxg5 40. Rxf7+ Ke6 41. Ra7 Rh5 42. Rxa6+ Kd5 43. a4 c3 44. Kd3 Rh3+ 45. Kc2 Kc4 46.
Rb6 Rh2+ 47. Kc1 e4 48. a5 Rh1+ 49. Kc2 Rh2+ 50. Kc1 e3 51. a6 e2 52. Re6 Rh1+ 53. Kc2 e1=Q 54. Rxe1 Rxe1 55. a7 Re8 56. h7 Kb4 57.
Kc1 Kb3 58. Kd1 c2+ 59. Kd2 Kb2 60. a8=Q Rxa8 61. h8=Q+ Rxh8 62. Kd3 c1=Q 0-1

[Event "NJSK 2023 Jeugd C"]
[Site "Almelo, Netherlands"]
[Date "2023.05.02"]
[Round "3.4"]
[White "Zecha, Oscar"]
[Black "Terlouw, Wouter"]
[Result "1-0"]
[TimeControl "90min/40moves + 30min + 30sec/move"]
[WhiteElo "1879"]
[BlackElo "1923"]

1. d4 Nf6 2. c4 e6 3. Nf3 b6 4.
g3 Bb7 5. Bg2 Be7 6. O-O O-O 7. Nc3 d5 8. Ne5 Nbd7 9. cxd5 Nxe5 10. dxe5 Nxd5 11. Qb3 Nxc3 12. Bxb7 Nxe2+ 13. Kg2 Rb8 14.
Be4 Nxc1 15. Qc2 Nxa2 16. Rxa2 a5 17. Rd1 Qc8 18. Bc6 Rd8 19. Raa1 Qa6 20. Be4 Bc5 21. Bxh7+ Kh8 22. Bd3 Qb7+ 23.
Be4 c6 24. Qe2 g6 25. Qf3 Rxd1 26. Rxd1 Rc8 27. h4 Qc7 28. Qf4 Bf8 29. h5 gxh5 30. Rh1 Bg7 31. Rxh5+ Kg8 32. Qg5 Kf8 33.
f4 Qe7 34. Qg4 f5 35. Rxf5+ Ke8 36. Qg6+ Kd8 37. Rf7 Qb4 38. Rxg7 Qxb2+ 39. Kh3 1-0

[Event "NJSK 2023 Jeugd C"]
[Site "Almelo, Netherlands"]
[Date "2023.05.02"]
[Round "3.5"]
[White "Zhu, Chenwu"]
[Black "Kazarjan, Gachatur"]
[Result "0-1"]
[TimeControl "90min/40moves + 30min + 30sec/move"]
[WhiteElo "2052"]
[BlackElo "1872"]

1. e4 c5 2. Nf3 d6 3. d4 cxd4 4. Nxd4 Nf6 5. Nc3 Bd7 6. g3 g6 7. Bg2 Nc6 8. Nde2 Bg7 9. h3 a6 10.
a4 Rb8 11. O-O h5 12. Nd5 Nxd5 13. exd5 Ne5 14. Nd4 Qc8 15. Kh2 Bf6 16. f4 Nc4 17. b3 Qc5 18. c3 Nb6 19. Ne2 Bg4 20.
Qd3 Bxe2 21. Qxe2 Nxd5 22. Bb2 h4 23. c4 hxg3+ 24. Kh1 Bxb2 25. Qxb2 Nf6 26. Qc3 Kf8 27. Rae1 Qf5 28. Qxg3 Rh7 29.
Qe3 Kg7 30. Rf3 Rbh8 31. Qc3 Rh4 32. Qe3 e6 33. Rd1 d5 34. Rd3 Qe4 35. Qc1 dxc4 36. bxc4 Rc8 37. Rc3 Nh5 38. Qb2 Kh7 39.
Rfe3 Qxf4 40. Qxb7 Rd8 41. Re1 Ng3+ 42. Kg1 Ne2+ 43. Kh1 Nxc3 44. Rf1 Rd1 0-1

[Event "NJSK 2023 Jeugd C"]
[Site "Almelo, Netherlands"]
[Date "2023.05.02"]
[Round "3.6"]
[White "Groenewoud, Joel"]
[Black "Etienne, Ghilon"]
[Result "1-0"]
[TimeControl "90min/40moves + 30min + 30sec/move"]
[WhiteElo "1990"]
[BlackElo "1673"]

1. e4 e5 2. Nf3 Nc6 3. Bc4 Nf6 4. Ng5 d5 5. exd5 Na5 6. Bb5+ c6 7. dxc6 bxc6 8. Be2 h6 9. Nf3 Bd6 10.
d4 e4 11. Ne5 Qe7 12. Bf4 Nd7 13. O-O Nxe5 14. dxe5 Bxe5 15. Bxe5 Qxe5 16. Nc3 O-O 17. Re1 e3 18. fxe3 Qxe3+ 19. Kh1 Qc5 20. Bd3 Be6 21. Ne4 Qb6 22. Qh5 Rfd8 23. Rad1 Nc4 24. Nf6+ Kh8 25. Rxe6 fxe6 26. Qg6 gxf6 27.
Qh7# 1-0

[Event "NJSK 2023 Jeugd C"]
[Site "Almelo, Netherlands"]
[Date "2023.05.02"]
[Round "3.7"]
[White "Lopes, Samuel"]
[Black "Chua, Ethan"]
[Result "1/2-1/2"]
[TimeControl "90min/40moves + 30min + 30sec/move"]
[WhiteElo "1865"]
[BlackElo "1776"]

1. e4 c6 2. d4 d5 3. exd5 cxd5 4. Nf3 Nf6 5. Ne5 Nbd7 6. Bb5 a6 7. Bd3 Nxe5 8. dxe5 Nd7 9. Qe2 e6 10.
O-O Nc5 11. c3 Bd7 12. Re1 Nxd3 13. Qxd3 Bc5 14. Qg3 Qc7 15. Nd2 O-O 16. Nb3 Kh8 17. Nxc5 Qxc5 18. Be3 Qb5 19. Rab1 Qa4 20.
a3 Qc2 21. Rec1 Qg6 22. Qxg6 hxg6 1/2-1/2

[Event "NJSK 2023 Jeugd C"]
[Site "Almelo, Netherlands"]
[Date "2023.05.02"]
[Round "3.8"]
[White "Katpatal, Akshaj"]
[Black "Fallaux, Storm"]
[Result "0-1"]
[TimeControl "90min/40moves + 30min + 30sec/move"]
[WhiteElo "1840"]
[BlackElo "1650"]

1. e4 c5 2. Nf3 d6 3. d4 cxd4 4. Nxd4 Nf6 5. Nc3 a6 6. Bc4 e6 7. a3 b5 8. Bb3 Bb7 9. f3 Be7 10.
Be3 Nc6 11. O-O O-O 12. Re1 Na5 13. Qd2 Nxb3 14. Nxb3 d5 15. e5 Nd7 16. f4 Rc8 17. Qf2 Qc7 18. Rad1 b4 19. axb4 Bxb4 20.
Bd4 Nc5 21. Nxc5 Bxc5 22. Bxc5 Qxc5 23. Qxc5 Rxc5 24. Rd4 a5 25. g4 Bc6 26. f5 Rb8 27. fxe6 fxe6 28. Nd1 Rxc2 29. g5 Kf7 30. h4 Rb4 31.
Rxb4 axb4 32. h5 d4 33. Nf2 Rxb2 34. Rd1 Bd5 35. Rxd4 b3 36. Rb4 Re2 37. Nd3 Rg2+ 38. Kf1 Rxg5 0-1

[Event "NJSK 2023 Jeugd C"]
[Site "Almelo, Netherlands"]
[Date "2023.05.02"]
[Round "3.9"]
[White "Wortman, Rawi"]
[Black "Ambrona Navarro, Himar"]
[Result "1/2-1/2"]
[TimeControl "90min/40moves + 30min + 30sec/move"]
[WhiteElo "1668"]
[BlackElo "1834"]

1. e4 c6 2. d4 d5 3. exd5 cxd5 4. c4 Nf6 5. Nc3 Nc6 6. Nf3 a6 7. cxd5 Nxd5 8. Bc4 e6 9. a3 Be7 10.
O-O O-O 11. Nxd5 exd5 12. Ba2 Bg4 13. Qb3 Bxf3 14. Qxf3 Nxd4 15. Qxd5 Qxd5 16. Bxd5 Rab8 17. Be3 Nc2 18. Rac1 Nxe3 19.
fxe3 Bg5 20. Rc7 Bxe3+ 21. Kh1 b5 22. Rfxf7 Rxf7 23. Rxf7 Kh8 24. Bb7 Rd8 25. g3 Bc1 26. Bxa6 Bxb2 27.
Bxb5 Bxa3 28. Kg2 Bb2 29.
Ba6 1/2-1/2

[Event "NJSK 2023 Jeugd C"]
[Site "Almelo, Netherlands"]
[Date "2023.05.02"]
[Round "3.10"]
[White "Aravindhan, Achyuth"]
[Black "Frederiks, Jesse"]
[Result "1-0"]
[TimeControl "90min/40moves + 30min + 30sec/move"]
[WhiteElo "1833"]
[BlackElo "1510"]

1. e4 e6 2. d4 d5 3. Nd2 c5 4. Ngf3 cxd4 5. exd5 Qxd5 6. Bc4 Qd8 7. O-O Nc6 8. Nb3 Bd7 9. Nbxd4 Nf6 10.
Nb5 a6 11. Nd6+ Bxd6 12. Qxd6 Rc8 13. Bf4 Ne7 14. Ne5 O-O 15. Qd1 Bc6 16. Nxc6 Nxc6 17. Bd3 h6 18. Bg3 Nb4 19. Bd6 Nxd3 20.
Bxf8 Kxf8 21. cxd3 Nd5 22. Qd2 Ke7 23. Rac1 Rxc1 24. Rxc1 Qd7 25. Qa5 Kf6 26. g3 Qd6 27. a3 Qe5 28.
Qd2 Kg6 29. Re1 Qf6 30. d4 Qf3 31. Qc2+ Kf6 32. Rd1 Ne7 33. Rd3 Qh5 34. Qc3 Nd5 35. Rf3+ Ke7 36. Qc5+ Ke8 37. Qc8+ Ke7 38. Qxb7+ Kd8 39. Rxf7 Qd1+ 40. Kg2 Ne3+ 41.
fxe3 Qe2+ 42. Rf2 Qxf2+ 43. Kxf2 g5 44. Kf3 h5 45. Ke4 h4 46. Ke5 hxg3 47. Kxe6 gxh2 48. Qd7# 1-0

[Event "NJSK 2023 Jeugd C"]
[Site "Almelo, Netherlands"]
[Date "2023.05.02"]
[Round "3.11"]
[White "Thijssen, Freek"]
[Black "Ten Kate, Gustav"]
[Result "0-1"]
[TimeControl "90min/40moves + 30min + 30sec/move"]
[WhiteElo "1644"]
[BlackElo "1815"]

1. e4 e6 2. d4 d5 3. exd5 exd5 4. Nf3 Nf6 5. Bd3 Bd6 6. O-O O-O 7. Nc3 c6 8. Re1 h6 9. h3 Qc7 10.
Be3 Be6 11. Qd2 Nbd7 12. Rad1 Rfe8 13. Qc1 a5 14. Ne2 a4 15. Nf4 a3 16. b3 Ne4 17. Bxe4 dxe4 18. Nxe6 Rxe6 19. Nd2 Nf6 20.
f3 exf3 21. Nxf3 Bg3 22. Rf1 Nd5 23. Bd2 Re2 24. c4 Nf6 25. Bxh6 gxh6 26. Qxh6 Ne4 27. Ne5 Bxe5 28. dxe5 Qb6+ 29. Kh2 Qe3 30. Qxe3 Rxe3 31.
Rd7 Rf8 32. Rxb7 Re2 33. Ra1 Ra8 34. Rf1 Rf2 35. Rxf2 Nxf2 36. Rd7 Ne4 37. Rd3 Nc5 38. Re3 Rb8 39. b4 Rxb4 40. Rxa3 Rxc4 41.
Kg3 Kg7 42. Kf3 Re4 43. Re3 Ra4 44. Rc3 Ne6 45. a3 c5 46. g4 c4 47. Ke3 Nc7 48. Ke4 Nb5 49. Rc1 c3+ 50. Kd3 c2 51.
Kxc2 Rxa3 52. Re1 Nd4+ 53. Kb2 Rb3+ 54. Ka2 Rxh3 55. Re4 Ne6 56. Kb2 Kg6 57. Kc2 Kg5 58. Ra4 Rf3 59. Kd2 Rf4 60.
Ra7 Kxg4 61. Ke3 Ng5 62. Kd3 Kf5 63. Ra5 Ke6 64. Ke3 Re4+ 65. Kf2 Rxe5 66. Ra6+ Kf5 67. Kg3 f6 68. Rb6 Rd5 69.
Ra6 Rd3+ 70. Kf2 Ne4+ 71. Ke2 Rd5 72. Ke3 Re5 73. Kf3 Re7 74. Rb6 Kg5 75. Rb5+ f5 76. Ra5 Rb7 77. Re5 Rb3+ 78.
Ke2 Kg4 79. Ra5 f4 80. Kf1 Kg3 81. Ra1 f3 82. Rd1 f2 83. Rc1 Nd2+ 84. Ke2 f1=Q+ 0-1

[Event "NJSK 2023 Jeugd C"]
[Site "Almelo, Netherlands"]
[Date "2023.05.02"]
[Round "3.12"]
[White "Vijver, Jonathan"]
[Black "Van Batenburg, Mees"]
[Result "1/2-1/2"]
[TimeControl "90min/40moves + 30min + 30sec/move"]
[WhiteElo "1781"]
[BlackElo "2054"]

1. e4 e6 2. Nf3 d5 3. Nc3 Nf6 4.
e5 Nfd7 5. d4 c5 6. Bg5 Qa5 7. a3 c4 8. Be2 Nc6 9. O-O h6 10. Be3 Be7 11. Qd2 Nf8 12. h4 Bd7 13. Rfb1 Nh7 14.
b3 b5 15. bxc4 bxc4 16. g3 O-O 17.
Kg2 Rab8 18. Rh1 f5 1/2-1/2

[Event "NJSK 2023 Jeugd C"]
[Site "Almelo, Netherlands"]
[Date "2023.05.02"]
[Round "3.13"]
[White "Roorda, Cas"]
[Black "De Wit, Evan"]
[Result "1-0"]
[TimeControl "90min/40moves + 30min + 30sec/move"]
[WhiteElo "1769"]
[BlackElo "1563"]

1. e4 c6 2. d4 d5 3. e5 Bf5 4. h4 h5 5. Bd3 Bxd3 6. Qxd3 e6 7. Nf3 Qa5+ 8. Nbd2 Ne7 9. O-O Nf5 10.
Nb3 Qa6 11. Qd1 c5 12. dxc5 Nc6 13. c3 Be7 14. g3 O-O-O 15. Re1 d4 16. cxd4 Nb4 17. Re2 Rd5 18. Bd2 Nc6 19. Bc3 Rg8 20.
Qd2 Rgd8 21. Qc2 g5 22. hxg5 Rg8 23. Qd2 Qb5 24. Ree1 Rgd8 25. Qc2 Rg8 26. a4 Qc4 27. Qc1 Bxg5 28.
Nxg5 Qxb3 29. Ne4 Qc4 30. Nf6 Rdd8 31. Nxg8 Rxg8 32. Qf4 h4 33. g4 Nfxd4 34. Bxd4 Nxd4 35. Qe4 Qb3 36. Re3 Qxb2 37.
Rd1 Nf5 38. Red3 Ne7 39. f3 h3 40. R3d2 Qc3 41. Rc2 Rxg4+ 42. fxg4 Qg3+ 43. Kh1 Nd5 44. c6 b6 45. Rxd5 h2 46.
Rd8+ Kc7 47. Rd7+ Kc8 48. Rd1 Qb3 49. c7 1-0

[Event "NJSK 2023 Jeugd C"]
[Site "Almelo, Netherlands"]
[Date "2023.05.02"]
[Round "3.14"]
[White "Verwer, Oscar"]
[Black "Rooijakkers, Liam"]
[Result "1/2-1/2"]
[TimeControl "90min/40moves + 30min + 30sec/move"]
[WhiteElo "1549"]
[BlackElo "1322"]

1. e4 d6 2. d4 Nf6 3. Nc3 Nbd7 4. f4 e5 5. Nf3 exd4 6. Qxd4 c6 7. e5 Qe7 8. Ne4 Nxe4 9. Qxe4 dxe5 10.
Bd3 exf4 11. Qxe7+ Bxe7 12. Bxf4 Nc5 13. O-O-O Bg4 14. Rhe1 Ne6 15. Bg3 Rd8 16. Bf2 b6 17. Be4 Rc8 18.
h3 Bxf3 19. Bxf3 c5 20. Bg4 Rc6 1/2-1/2

[Event "NJSK 2023 Jeugd C"]
[Site "Almelo, Netherlands"]
[Date "2023.05.02"]
[Round "3.15"]
[White "Klein Tuente, Sam"]
[Black "Zootjes, Aäron"]
[Result "1-0"]
[TimeControl "90min/40moves + 30min + 30sec/move"]
[WhiteElo "1478"]
[BlackElo "1172"]

1. e4 c5 2. Nf3 Nc6 3. d4 cxd4 4. Nxd4 e5 5. Nb5 d6 6. c4 Nf6 7. Bg5 Be7 8. N1c3 a6 9. Bxf6 Bxf6 10.
Nxd6+ Ke7 11. Nd5+ Ke6 12. Nxc8 Rxc8 13. g3 Ra8 14. c5 Kd7 15. Nxf6+ Kc8 16. Bh3+ Kb8 17. Nd7+ 1-0

[Event "NJSK 2023 Jeugd C"]
[Site "Almelo, Netherlands"]
[Date "2023.05.02"]
[Round "4.1"]
[White "Arnold, Rhys"]
[Black "Wink, Luka"]
[Result "1/2-1/2"]
[TimeControl "90min/40moves + 30min + 30sec/move"]
[WhiteElo "2003"]
[BlackElo "1849"]

1. e4 c5 2. Nf3 d6 3. Bb5+ Bd7 4.
c4 Nf6 5. Nc3 Nc6 6. O-O g6 7. d3 Bg7 8. h3 Nd4 9. Nxd4 cxd4 10. Bxd7+ Nxd7 11. Ne2 a6 12. a4 Rb8 13. b4 O-O 14.
Bd2 e5 15. f3 b6 16. a5 b5 17. Rc1 h5 18. cxb5 Rxb5 19. Qa4 Nb8 20. f4 Bh6 21. Rc2 f5 22. Qa2+ Kg7 23. exf5 Rxf5 24.
Ng3 Rf8 25. fxe5 Bxd2 26. Rxd2 Rxf1+ 27. Nxf1 dxe5 28. Qe6 Qf6 29. Qc4 Qc6 1/2-1/2

[Event "NJSK 2023 Jeugd C"]
[Site "Almelo, Netherlands"]
[Date "2023.05.02"]
[Round "4.2"]
[White "Kazarjan, Gachatur"]
[Black "Madularea, David"]
[Result "0-1"]
[TimeControl "90min/40moves + 30min + 30sec/move"]
[WhiteElo "1872"]
[BlackElo "1895"]

1. e4 c5 2. Nf3 d6 3. d4 cxd4 4. Nxd4 Nf6 5. Nc3 a6 6.
Bc4 e6 7. O-O Be7 8. Re1 O-O 9. a4 Nbd7 10. f3 Qc7 11. Qe2 b6 12. Be3 Bb7 13. Rad1 Ne5 14. Ba2 Rac8 15. Qf2 Nc4 16.
Bxc4 Qxc4 17. Nb3 b5 18. Na5 Qb4 19. Nxb7 bxa4 20. Bc1 a3 21. Qd4 Qxb7 22. bxa3 d5 23. Kh1 dxe4 24. fxe4 Bc5 25.
Qd2 Ng4 26. Re2 Qc7 27. g3 Be3 0-1

[Event "NJSK 2023 Jeugd C"]
[Site "Almelo, Netherlands"]
[Date "2023.05.02"]
[Round "4.3"]
[White "Kurt, Sascha"]
[Black "Zecha, Oscar"]
[Result "1/2-1/2"]
[TimeControl "90min/40moves + 30min + 30sec/move"]
[WhiteElo "1894"]
[BlackElo "1879"]

1. e4 e5 2. Nf3 Nc6 3. Bc4 Bc5 4. c3 Nf6 5. d4 exd4 6. e5 d5 7. Bb5 Ne4 8. cxd4 Bb6 9. Nc3 O-O 10. Be3 Bg4 11. h3 Bh5 12. Qc2 Bg6 13. Qb3 Ne7 14. O-O c6 15. Bd3 Nf5 16.
Qc2 Nxe3 17. fxe3 Ng3 18. Rf2 Bxd3 19. Qxd3 f6 20. Qc2 fxe5 21. Nxe5 Qg5 22. Re1 Nf5 23. Qd3 Bc7 24. Rf4 Nh4 25.
Rg4 Qf5 26. Qxf5 Nxf5 27. Nf3 Rae8 28. e4 Nh6 29. Rg5 Bf4 30. Rh5 dxe4 31. Nxe4 Kh8 32. Ra5 a6 33. Ra3 Nf5 34. g4 Nd6 35.
Nxd6 Bxd6 36. Rxe8 Rxe8 37. Rb3 Re7 38. Kf2 Kg8 39. Nd2 b5 40. Rc3 Bb4 41. Rc2 a5 42. a3 Bxd2 43. Rxd2 Kf7 44. Rc2 Rc7 45. d5 c5 46.
Ke3 Ke7 47. a4 b4 48. Kd3 Kd6 49. Kc4 1/2-1/2

[Event "NJSK 2023 Jeugd C"]
[Site "Almelo, Netherlands"]
[Date "2023.05.02"]
[Round "4.4"]
[White "Krylov, Philippe"]
[Black "Groenewoud, Joel"]
[Result "0-1"]
[TimeControl "90min/40moves + 30min + 30sec/move"]
[WhiteElo "1858"]
[BlackElo "1990"]

1. d4 Nf6 2. c4 g6 3. Nc3 Bg7 4. e4 d6 5. f3 O-O 6. Bg5 c5 7. d5 e6 8. Qd2 Qa5 9. Nge2 exd5 10.
cxd5 b5 11. Qf4 Nbd7 12. g4 Re8 13. Kf2 b4 14. Nd1 Ne5 15. Ng3 Nfd7 16. Bh6 Bh8 17. h4 Ba6 18. Nf5 Bxf1 19. Kxf1 Qb5+ 20.
Kg1 Qe2 21. Rh3 gxf5 22. Qg5+ Ng6 23. gxf5 Bd4+ 24. Kh1 Qf1+ 25. Kh2 Be5+ 26. Rg3 Bxg3+ 27. Qxg3 Nde5 28. Nf2 Qxa1 29. f4 Qxb2 30.
fxg6 Qxf2+ 0-1

[Event "NJSK 2023 Jeugd C"]
[Site "Almelo, Netherlands"]
[Date "2023.05.02"]
[Round "4.5"]
[White "Ten Kate, Gustav"]
[Black "Aravindhan, Achyuth"]
[Result "0-1"]
[TimeControl "90min/40moves + 30min + 30sec/move"]
[WhiteElo "1815"]
[BlackElo "1833"]

1. d4 Nf6 2. c4 g6 3. Nc3 Bg7 4. e4 d6 5. f4 O-O 6. Nf3 c5 7. d5 a6 8. a4 e6 9. Be2 exd5 10.
exd5 Bf5 11. O-O Re8 12. Nh4 Bc8 13.
f5 Nfd7 14. fxg6 hxg6 15. Nf3 Ne5 16. Bf4 Nxf3+ 17. Bxf3 Bd4+ 18. Kh1 Qf6 19. Qd2 Bf5 20. Rae1 Nd7 21. Bg5 Qg7 22. g4 Rxe1 23.
Rxe1 Ne5 24. Qg2 Bd7 25. Ne4 Bxa4 26. Nf6+ Kf8 27. Rxe5 Bxe5 28. Qh3 Bxf6 29. Bh6 Re8 30. Bxg7+ Kxg7 31.
Qf1 Re3 32. Bd1 Bh4 33. Bxa4 Re1 34. Qxe1 Bxe1 35. Bc2 b5 36. b3 bxc4 37. bxc4 Kf6 38. Kg2 Ke5 39. Kf1 Bh4 40. Ke2 Kd4 41.
h3 a5 42. Bb3 Kc3 43. Ba4 Kxc4 44. Kd2 Kxd5 45. Be8 Ke6 46. Kd3 g5 47. Kc4 f5 48. gxf5+ Kxf5 49. Kd5 Bg3 50. Bc6 Be5 51.
Be8 Kf4 52. Kc4 Kg3 53. Bd7 a4 54. Be6 a3 55. Kb3 Bb2 56. Kc2 Kf4 57. Kd3 Ke5 58. Ba2 d5 59. Kc2 Ke4 60. Kd2 d4 61.
Bc4 Kf4 62. Kc2 Ke3 63. Kd1 d3 64. h4 gxh4 65. Be6 h3 66. Bf5 a2 67. Bxd3 Kxd3 68. Ke1 Bd4 0-1

[Event "NJSK 2023 Jeugd C"]
[Site "Almelo, Netherlands"]
[Date "2023.05.02"]
[Round "4.6"]
[White "Fallaux, Storm"]
[Black "Roolvink, William"]
[Result "0-1"]
[TimeControl "90min/40moves + 30min + 30sec/move"]
[WhiteElo "1650"]
[BlackElo "1852"]

1. e4 c6 2. d4 d5 3. Nc3 dxe4 4. Nxe4 Nf6 5. Nxf6+ exf6 6.
c3 Bd6 7. Bd3 O-O 8. Ne2 Re8 9.
O-O Nd7 10. Qc2 Nf8 11. Bd2 Ng6 12. Rae1 Be6 13. f4 Bd7 14. f5 Nf8 15. Bf4 Qc7 16. Bxd6 Qxd6 17. Ng3 Rxe1 18. Rxe1 Re8 19.
Rxe8 Bxe8 20. Qe2 Bd7 21. Ne4 Qd5 22. Qg4 Kh8 23. Nc5 Bc8 24. Qe2 b6 25. Qe8 Kg8 26. Be4 Qxa2 27. Qxc8 bxc5 28.
dxc5 Qa1+ 29. Kf2 Qxb2+ 30. Kf1 Qb5+ 31. Kf2 Qxc5+ 32. Ke2 Qc4+ 33. Bd3 Qxc3 34. Qa6 Qb2+ 35. Kf3 Qb6 36. Qc8 a5 37.
Qa8 Qb3 38. Ke2 Qb2+ 39. Kf3 Qc3 40. Ke2 c5 41. Qa6 Qb4 42. Bb5 Qe4+ 43. Kd1 Qxg2 44. Qxa5 Qg1+ 45. Qe1 Qxh2 46. Bd3 Qe5 47.
Qf1 Qa1+ 48. Kd2 Qxf1 49. Bxf1 Nd7 50. Kc3 Ne5 51. Be2 g6 52. Kd2 h5 53. Ke3 Kg7 54. Kf4 g5+ 55. Ke4 h4 0-1

[Event "NJSK 2023 Jeugd C"]
[Site "Almelo, Netherlands"]
[Date "2023.05.02"]
[Round "4.7"]
[White "Terlouw, Wouter"]
[Black "Wortman, Rawi"]
[Result "1-0"]
[TimeControl "90min/40moves + 30min + 30sec/move"]
[WhiteElo "1923"]
[BlackElo "1668"]

1. d4 Nf6 2. c4 e6 3. Nf3 d5 4. Nc3 Bb4 5. Qa4+ Nc6 6. e3 O-O 7. Bd2 Bd7 8. Qc2 Ne7 9. Bd3 dxc4 10.
Bxc4 Bc6 11. Bd3 Ng6 12. e4 Qe7 13. h4 Nh5 14. g4 Qf6 15. Ng5 Nhf4 16. e5 Qd8 17. Bxf4 Bxh1 18. Be3 h6 19.
Nxf7 Rxf7 20. Bxg6 Rf8 21. g5 hxg5 22. O-O-O Bf3 23. Bxg5 Qd7 24. Rd2 Be7 25. Ne4 Bb4 26. Rd3 Qd5 27.
Ng3 Qxa2 28. h5 Qa1+ 29. Qb1 Qxb1+ 30. Kxb1 Bxh5 31. Nxh5 Rxf2 32. Rg3 Raf8 33. Be4 b6 34. Bf6 Rf7 35. Nxg7 Kf8 36. Nxe6+ Ke8 37. Bc6+ 1-0